 Dungeon Crawl Stone Soup version 0.30-a0-728-gc68057be0a (webtiles) character file.

Game seed: 9955742568399826686

76 NinjaNoafa the Trooper (level 4, -1/41 HPs)
             Began as a Hill Orc Fighter on Jan 30, 2023.
             Slain by a gnoll
             ... wielding a +1 halberd of pain
              (8 damage)
             ... on level 3 of the Dungeon.
             The game lasted 00:02:51 (1296 turns).

NinjaNoafa the Trooper (Hill Orc Fighter)           Turns: 1296, Time: 00:02:51

Health: -1/41      AC:  9    Str: 24    XL:     4   Next: 32%
Magic:  4/4        EV:  9    Int:  8    God:
Gold:   82         SH:  5    Dex: 12    Spells: 3/3 levels left

rFire   + + .      SeeInvis .    a - +0 war axe
rCold   x . .      Faith    .    c - +0 buckler
rNeg    . . .      Spirit   .    o - +0 fire dragon scales
rPois   .          Reflect  .    (no helmet)
rElec   .          Harm     .    (no cloak)
rCorr   .          Rampage  .    (no gloves)
Will    .....                    (no boots) Stlth
                                 (no amulet)
HPRegen 0.26/turn                h - +6 ring of strength
MPRegen 0.09/turn                (no ring)

@: no status effects
A: no striking features
a: no special abilities


You were on level 3 of the Dungeon.
You visited 1 branch of the dungeon, and saw 3 of its levels.

You collected 82 gold pieces.

Inventory:

Hand Weapons
 a - a +0 war axe (weapon)
Armour
 c - a +0 buckler (worn)
 o - +0 fire dragon scales (worn)
Jewellery
 h - a +6 ring of strength (left hand)
Scrolls
 e - 3 scrolls of teleportation {unknown}
 f - 5 scrolls of identify {unknown}
 g - a scroll of amnesia {unknown}
 i - a scroll of torment {unknown}
 l - a scroll of noise {unknown}
Potions
 d - a potion of might
 j - a potion of curing {unknown}
 k - a potion of mutation {unknown}
 m - 2 potions of lignification {unknown}
 n - a potion of haste {unknown}
 p - a potion of brilliance {unknown}


   Skills:
 + Level 4.3 Fighting
 + Level 3.7 Axes
 + Level 3.9 Armour
 + Level 4.0 Shields


You had 3 spell levels left.
You didn't know any spells.
Your spell library contained the following spells:

 Spells                   Type           Power      Damage    Failure   Level
 Ensorcelled Hibernation  Hex/Ice        0%         N/A       94%         2
 Passwall                 Tmut/Erth      0%         N/A       94%         2
 Swiftness                Air            0%         N/A       99%         3


Dungeon Overview and Level Annotations

Branches:
Dungeon (3/15)

Altars:
Nemelex Xobeh

Annotations:
D:3 1 transporter


Message History

The gnoll shouts! x2
There is an open door here.
There is a stone staircase leading down here.
You see here a +0 glaive.
Throw: 2 darts (atropa)
Press: ? - help, Q - select action Shift-Dir - straight line, f - gnoll
Aim: a gnoll, wielding a +2 spear of distortion (63% to hit, chance to blind on hit: 100%)
You throw an atropa-tipped dart. The atropa-tipped dart hits the gnoll.
The gnoll appears confused.
The gnoll seems less confused.
Throw: dart (atropa)
Press: ? - help, Q - select action Shift-Dir - straight line, f/p - gnoll
Aim: a gnoll, wielding a +2 spear of distortion (blind, 63% to hit, chance to blind on hit: 100%)
You throw an atropa-tipped dart. The atropa-tipped dart hits the gnoll.
The gnoll appears confused.
The gnoll seems less confused.
You block the gnoll's attack.
You see here a +0 glaive.
The gnoll barely misses you. You block the gnoll's attack. x2
You slash the gnoll!
The gnoll is almost dead.
The gnoll hits you but does no damage. The gnoll barely misses you.
You block the gnoll's attack.
The gnoll hits you with a +1 halberd of pain.
You writhe in agony.
You barely miss the gnoll.
The gnoll is almost dead.
The gnoll hits you but does no damage.
You hit the gnoll.
The gnoll is moderately wounded.
The gnoll is no longer blind.
The gnoll hits you from afar with a +0 spear.
The gnoll hits you from afar with a +1 halberd of pain!
The gnoll hits you with a +2 spear of distortion.
* * * LOW HITPOINT WARNING * * *
Space warps around you.
* * * LOW HITPOINT WARNING * * *
The gnoll hits you from afar with a +0 spear!
* * * LOW HITPOINT WARNING * * *
The gnoll hits you from afar with a +1 halberd of pain!
You die...

..# #.......)......#
..#+### .
#.############.#
......#.# #.# #.#
......... #.# #.#
#.....#. #.# #.#
.)..?.# #.# #.# .#....#
#.# #.# ......# #)# #.#
#.#.#.# #@# #.# ......#
#######g# #.# .#.#..+
......gg# #.# ......#
########.############.#
#.#.#..
......................#
.................)....#
########.###########.##
#'# #.# ......g.....#
#.#


You could see 3 gnolls.

Vanquished Creatures
  2 adders
  3 dart slugs
  An orc (D:3)
  3 ball pythons
  6 endoplasms
  4 goblins
  A hobgoblin (D:1)
  13 jackals
  5 kobolds
  3 bats
  A frilled lizard (D:1)
  4 rats
46 creatures vanquished.

Notes
Turn   | Place    | Note
-------+----------+-------------------------------------------
     0 | D:1      | NinjaNoafa the Hill Orc Fighter began the quest for the
                  | Orb.
     0 | D:1      | Reached XP level 1. HP: 19/19 MP: 1/1
    99 | D:1      | Reached XP level 2. HP: 24/27 MP: 2/2
   422 | D:1      | Reached XP level 3. HP: 24/33 MP: 3/3
   549 | D:2      | Found a sparkling altar of Nemelex Xobeh.
   773 | D:2      | Reached XP level 4. HP: 40/40 MP: 4/4
   902 | D:3      | Found a transporter.
  1296 | D:3      | Slain by a gnoll

Illustrated notes

Levels and vault maps discovered:
D:1:      heliophobic_arrival_henge, layout_rooms
D:2:      layout_rooms, basic_altar
D:3:      gammafunk_wand_slinger, layout_basic, hex_large

Skill      XL: |  1  2  3  4 |
---------------+-------------+-----
Axes           | 3 |  3.7
Fighting       | 4 |  4.3
Shields        | 4 |  4.0
Armour         | |  3.9

Action                     |  1- 3 |  4- 6 || total
---------------------------+-------+-------++-------
  Melee: War axe           |    96 |    18 ||   114
  Throw: Dart              |       |     2 ||     2
 Armour: Scale mail        |    55 |     6 ||    61
         Fire dragon scale |       |     2 ||     2
  Dodge: Dodged            |    53 |     6 ||    59
  Block: Buckler           |    28 |     8 ||    36

Table legend: (Time is in decaauts)
 A = Elapsed time spent in this place.
 B = Non-inter-level travel time spent in this place.
 C = Inter-level travel time spent in this place.
 D = Time resting spent in this place.
 E = Time spent auto-exploring this place.
 F = Levels seen in this place.
 G = Mean time per level.
                   A        B        C        D        E       F      G
               +--------+--------+--------+--------+--------+-----+--------+
         Total |   1338 |   1281 |     57 |      0 |    904 |   3 |  446.0 |
       Dungeon |   1338 |   1281 |     57 |      0 |    904 |   3 |  446.0 |
               +--------+--------+--------+--------+--------+-----+--------+

Top non-repeatable levels by time:
     D:1: 552 daAuts
     D:3: 400 daAuts
     D:2: 385 daAuts
